Map: Acolyte LE

Players

IKRAM

  • Race: Terran Terran
  • League: Platinum
  • Spawn Location: 1:00

eXile - Winner!

  • Race: Zerg Zerg
  • League: Platinum
  • Spawn Location: 7:00

VOD

Have the link to the VOD?

Description

Time

  • Played on: July 25, 2017, 7:19 p.m.
  • Length: 39:28
Show
View Real Time Build Order
Export as new Build Order

IKRAM Terran 

Build Orders: 1/1/1, Cyclone Opening 

Get SALT Encoding   

  12  0:00  SCV  
  13  0:13  SCV  
  14  0:18  Supply Depot  
  14  0:25  SCV  
  15  0:31  Refinery  
  15  0:40  SCV  
  16  0:47  Barracks  
  16  0:54  Refinery  
  16  0:56  SCV  
  17  1:08  SCV  
  18  1:20  SCV  
  19  1:32  SCV  
  20  1:36  Factory  
  20  1:39  Barracks Reactor  
  20  1:45  Orbital Command  
  20  1:57  Supply Depot  
  20  2:10  SCV  
  21  2:22  SCV  
  22  2:23  Barracks Tech Lab  
  22  2:25  Starport  
  22  2:28  Cyclone  
  25  2:38  Cyclone  
  25  2:41  SCV  
  29  2:50  Supply Depot  
  29  2:51  Barracks Tech Lab  
  29  2:53  SCV  
  30  3:07  SCV  
  30  3:12  Hellion x2  
  35  3:15  Supply Depot  
  35  3:16  Cloaking Field  
  35  3:19  SCV  
  36  3:27  Banshee  
  39  3:47  Siege Tank  
  42  3:58  Marine x2  
  42  3:59  Command Center  
  42  4:02  SCV  
  45  4:09  Supply Depot  
  45  4:14  SCV  
  42  4:33  Liberator  
  39  5:30  Liberator  
  39  5:32  Marine x2, Cyclone  
  44  5:47  Command Center  
  44  5:48  Engineering Bay  
  47  5:50  Armory, Marine x2  
  47  5:56  Barracks  
  50  5:57  SCV  
  50  6:04  Siege Tank  
  51  6:08  Marine  
  51  6:09  SCV  
  51  6:20  Marine  
  51  6:21  SCV  
  53  6:26  Marine  
  53  6:31  Terran Infantry Weapons Level 1  
  54  6:33  SCV  
  54  6:36  Siege Tank  
  54  6:38  Orbital Command  
  58  6:45  SCV  
  59  6:57  SCV  
  60  7:07  SCV  
  61  7:09  SCV  
  61  7:10  Refinery  
  61  7:12  Refinery  
  61  7:14  Missile Turret  
  62  7:16  Missile Turret  
  62  7:19  SCV  
  60  7:31  SCV  
  60  7:32  Terran Vehicle Weapons Level 1, Armory  
  61  7:38  Barracks Reactor  
  61  7:42  SCV  
  61  7:43  SCV  
  63  7:44  Barracks  
  63  7:48  Starport Tech Lab  
  63  7:49  Armory  
  63  7:50  Missile Turret  
  63  7:51  Missile Turret  
  63  7:54  SCV  
  63  7:55  SCV  
  65  8:04  Missile Turret  
  65  8:06  SCV  
  65  8:07  SCV  
  65  8:08  Missile Turret  
  65  8:12  Orbital Command  
  67  8:18  SCV  
  67  8:19  SCV  
  69  8:28  Terran Vehicle And Ship Armor Level 1  
  69  8:30  SCV  
  69  8:32  SCV  
  71  8:41  Thor, Refinery  
  71  8:42  SCV  
  71  8:43  Combat Shields  
  71  8:44  SCV  
  71  8:47  Refinery  
  79  8:54  SCV  
  79  8:55  Factory  
  80  9:06  SCV  
  80  9:08  Missile Turret  
  81  9:10  Missile Turret  
  81  9:12  Viking  
  83  9:17  Supply Depot  
  83  9:18  SCV  
  83  9:20  Supply Depot  
  83  9:22  Terran Ship Weapons Level 1  
  83  9:23  Supply Depot  
  84  9:30  SCV  
  85  9:38  Thor  
  85  9:42  Terran Vehicle Weapons Level 2  
  85  9:43  SCV  
  85  9:44  Terran Infantry Armor Level 1  
  92  9:45  Starport  
  92  9:55  SCV  
  93  10:00  Factory Tech Lab  
  93  10:06  Factory  
  94  10:07  SCV, Supply Depot  
  94  10:09  Supply Depot  
  94  10:13  SCV  
  95  10:16  Missile Turret  
  95  10:19  SCV  
  95  10:21  Thor  
  96  10:26  SCV  
  103  10:30  Command Center  
  103  10:31  SCV  
  104  10:36  Marine  
  104  10:37  Marine x4  
  104  10:38  SCV  
  110  10:43  SCV  
  111  10:50  SCV  
  111  10:53  Terran Vehicle And Ship Armor Level 2  
  111  10:54  Marine x3  
  111  10:55  SCV, Marine x2  
  118  11:00  Supply Depot x2  
  118  11:02  Stimpack, SCV  
  119  11:06  Factory Tech Lab  
  119  11:07  SCV  
  119  11:10  Barracks  
  120  11:12  Starport Tech Lab, Marine x2  
  120  11:16  Starport  
  122  11:19  SCV, Supply Depot  
  122  11:21  Thor  
  122  11:22  Supply Depot  
  122  11:24  SCV  
  130  11:30  Missile Turret  
  130  11:31  SCV  
  131  11:36  SCV  
  132  11:43  SCV  
  132  11:45  Terran Ship Weapons Level 2, Missile Turret  
  133  11:47  Terran Infantry Weapons Level 2  
  133  11:48  SCV  
  133  11:51  Orbital Command  
  134  11:58  SCV  
  135  12:02  Refinery  
  135  12:04  Starport Tech Lab  
  135  12:05  Banshee x2  
  135  12:06  Refinery  
  141  12:09  Hellion  
  141  12:10  Hellion x2, SCV  
  148  12:18  Starport  
  148  12:19  Liberator  
  148  12:20  Terran Vehicle Weapons Level 3  
  148  12:22  SCV  
  149  12:23  Starport, SCV  
  150  12:31  Hellion  
  150  12:34  SCV  
  150  12:35  SCV  
  157  12:46  SCV  
  157  12:47  SCV  
  157  12:48  Banshee  
  162  12:55  Orbital Command  
  161  12:58  SCV  
  157  13:10  SCV  
  158  13:20  Starport Tech Lab  
  158  13:21  Starport Tech Lab  
  158  13:28  SCV  
  159  13:40  SCV  
  160  13:44  Refinery  
  160  13:52  SCV  
  160  13:53  Missile Turret  
  161  13:56  SCV  
  161  13:58  Missile Turret  
  161  14:01  Terran Vehicle And Ship Armor Level 3  
  162  14:03  Terran Ship Weapons Level 3  
  162  14:04  SCV  
  162  14:05  Corvid Reactor  
  162  14:06  Recalibrated Explosives  
  162  14:08  SCV  
  164  14:16  SCV  
  165  14:20  Bunker, SCV  
  165  14:24  Bunker  
  166  14:28  SCV, Command Center, Missile Turret  
  167  14:32  SCV  
  168  14:40  SCV  
  168  14:44  SCV  
  170  14:52  SCV  
  156  15:04  SCV  
  156  15:05  Missile Turret  
  154  15:09  Missile Turret  
  154  15:11  Missile Turret  
  154  15:17  SCV  
  154  15:20  Thor x2  
  167  15:27  Thor  
  135  16:00  Missile Turret  
  135  16:01  SCV  
  135  16:03  Thor x2  
  147  16:07  Command Center  
  147  16:10  Thor  
  153  16:13  Raven x2  
  157  16:20  SCV  
  157  16:21  Supply Depot  
  157  16:23  Supply Depot  
  157  16:24  Supply Depot  
  157  16:29  Raven  
  157  16:31  Banshee  
  157  16:32  SCV  
  149  17:13  Command Center  
  149  17:23  Orbital Command  
  133  17:52  Fusion Core, Barracks Reactor  
  133  18:02  SCV  
  134  18:14  SCV  
  134  18:18  Refinery  
  135  18:20  Refinery  
  135  18:26  SCV  
  135  18:38  SCV  
  136  18:50  SCV  
  136  18:54  Orbital Command  
  137  19:02  Battlecruiser x3  
  155  19:03  Battlecruiser x2  
  155  19:04  Weapon Refit  
  155  19:08  Orbital Command  
  168  19:17  SCV  
  168  19:22  SCV  
  169  19:28  Refinery  
  169  19:29  SCV  
  170  19:31  Refinery  
  170  19:33  SCV  
  170  19:34  SCV  
  172  19:41  SCV  
  172  19:45  SCV  
  174  19:46  SCV  
  175  19:53  SCV  
  175  19:57  SCV  
  175  19:58  SCV  
  178  20:05  SCV  
  179  20:09  SCV  
  179  20:10  SCV, Command Center  
  187  20:14  Battlecruiser x2  
  187  20:15  Battlecruiser  
  199  20:21  SCV  
  199  20:25  Starport  
  200  20:36  Starport  
  200  20:43  Factory Tech Lab  
  200  21:02  Missile Turret  
  200  21:07  Missile Turret  
  200  21:12  Command Center  
  200  21:17  Missile Turret  
  200  21:18  Supply Depot  
  200  21:25  Starport, Refinery  
  200  21:28  Orbital Command  
  194  21:43  Supply Depot  
  165  21:59  Siege Tank x2  
  165  22:00  Siege Tank  
  173  22:16  SCV  
  173  22:19  Refinery  
  173  22:21  Refinery  
  174  22:27  Orbital Command  
  174  22:28  SCV  
  175  22:31  Siege Tank  
  178  22:39  Refinery  
  178  22:40  SCV  
  179  22:44  Missile Turret  
  179  22:46  Orbital Command  
  179  22:47  Missile Turret  
  179  22:50  Command Center  
  179  22:52  SCV  
  180  23:04  SCV  
  180  23:05  Refinery  
  173  23:13  SCV  
  173  23:16  SCV  
  175  23:25  SCV  
  175  23:26  Refinery  
  176  23:28  SCV  
  176  23:32  SCV  
  178  23:37  SCV  
  178  23:40  SCV  
  180  23:44  SCV  
  181  23:49  SCV  
  181  23:52  SCV  
  183  23:56  SCV  
  183  24:01  SCV  
  185  24:04  SCV  
  185  24:08  SCV  
  187  24:17  SCV  
  188  24:20  SCV  
  189  24:24  Orbital Command  
  189  24:29  SCV  
  190  24:32  SCV  
  188  24:44  Raven x4, SCV  
  188  24:45  Raven  
  194  24:58  SCV  
  192  25:10  SCV  
  193  25:22  SCV  
  193  25:28  Orbital Command  
  194  25:33  Raven x2  
  194  25:34  SCV  
  175  25:46  SCV  
  152  25:52  SCV  
  153  25:58  SCV  
  153  25:59  SCV  
  156  26:04  SCV x2  
  156  26:10  SCV  
  159  26:11  SCV  
  159  26:16  SCV, Missile Turret  
  160  26:20  Missile Turret  
  160  26:22  SCV  
  160  26:23  SCV  
  162  26:28  SCV  
  163  26:34  SCV  
  163  26:35  SCV  
  165  26:40  SCV  
  165  26:46  SCV  
  167  26:47  SCV  
  167  26:53  SCV  
  169  26:59  SCV x2  
  171  27:04  Viking x2  
  171  27:05  Viking x4, SCV  
  183  27:11  SCV x2  
  173  27:17  SCV  
  165  27:29  SCV  
  162  27:37  Viking x3  
  162  27:38  Viking x3  
  156  28:18  Orbital Command  
  156  28:26  SCV  
  157  28:38  SCV  
  128  28:50  Thor, SCV, Command Center  
  128  28:51  Thor x2  
  128  28:54  Viking x4  
  128  28:55  Viking x4  
  145  28:58  Marine x6  
  145  28:59  Marine  
  153  29:02  SCV  
  153  29:10  Barracks  
  153  29:14  SCV  
  153  29:15  Marine  
  153  29:16  Marine x6  
  161  29:33  Marine x2, Thor x2  
  161  29:34  Marine x5  
  180  29:39  Refinery  
  180  29:43  Refinery  
  180  29:45  SCV  
  180  29:48  Missile Turret  
  180  29:51  Marine x3  
  183  29:58  SCV  
  163  30:10  SCV  
  163  30:13  Orbital Command  
  149  30:14  Marine x2  
  149  30:15  Marine x6  
  154  30:32  Marine x3  
  139  30:49  Viking x5  
  142  30:50  Viking x2, Marine x2  
  142  30:51  Thor  
  142  30:52  Thor x2  
  142  30:53  Marine  
  142  30:54  Barracks Reactor  
  142  30:55  Marine x4  
  168  31:08  Marine x2  
  168  31:11  Marine  
  160  31:13  Marine x4  
  114  31:25  Marine  
  114  31:26  Marine  
  114  31:28  Marine  
  114  31:31  Marine x4  
  104  31:34  Thor  
  98  31:43  Marine  
  98  31:44  Marine  
  82  31:48  Orbital Command  
  72  31:54  Battlecruiser x3  
  72  31:55  Battlecruiser  
  72  31:56  Thor x2  
  72  31:58  Marine x5  
  72  31:59  Marine x2  
  115  32:01  SCV, Marine  
  115  32:02  Marine  
  118  32:13  SCV  
  117  32:16  Marine x2  
  117  32:17  Thor  
  117  32:20  Viking  
  117  32:21  Viking  
  117  32:22  Marine x2  
  114  32:23  Marine x5  
  114  32:25  SCV  
  117  32:33  Marine  
  117  32:34  Marine  
  95  32:37  SCV  
  95  32:39  Thor x2  
  95  32:40  Marine x3  
  95  32:41  Marine x4  
  107  32:49  SCV  
  107  32:50  Viking, SCV  
  107  32:51  Viking, Marine x2  
  107  32:58  Marine x4  
  109  32:59  Marine x3  
  109  33:00  Thor  
  109  33:01  SCV  
  123  33:13  SCV  
  123  33:15  Marine x2  
  123  33:16  Marine x5  
  123  33:17  Marine x2  
  127  33:22  Thor x2  
  127  33:26  SCV  
  125  33:33  Marine  
  126  33:38  SCV  
  126  33:39  Terran Infantry Weapons Level 3  
  124  33:56  SCV  
  124  33:59  Refinery  
  125  34:03  Refinery  
  125  34:07  Refinery  
  125  34:16  Thor x3  
  143  34:17  Marine  
  143  34:18  Marine x7  
  143  34:19  Marine  
  152  34:24  Orbital Command  
  152  34:28  Barracks  
  152  34:35  Marine x2  
  152  34:36  SCV, Marine x7  
  152  34:38  SCV  
  163  34:48  SCV  
  163  34:50  SCV x2  
  166  34:53  Marine x4  
  166  34:54  Marine x5  
  166  34:59  Thor  
  181  35:00  SCV  
  181  35:02  SCV x2  
  181  35:06  SCV  
  185  35:12  SCV, Refinery  
  186  35:14  SCV x2  
  186  35:18  SCV  
  189  35:25  SCV  
  189  35:26  SCV  
  190  35:30  SCV  
  188  35:38  SCV  
  186  35:43  SCV  
  181  35:50  SCV  
  181  35:55  SCV  
  177  35:57  Barracks Reactor  
  177  36:03  SCV  
  158  36:16  Terran Infantry Armor Level 2  
  134  36:19  Command Center  
  77  37:22  Marine  
  77  37:23  Marine x7  
  77  37:24  Marine x3  
  70  37:32  SCV, Orbital Command  
  71  37:40  Marine x2  
  71  37:41  Marine x7  
  71  37:42  Marine x2  
  82  37:44  SCV  
  83  37:58  Marine x3  
  84  37:59  Marine x3  
  83  38:06  Battlecruiser  
  83  38:07  Battlecruiser x4  
  83  38:08  Marine, Battlecruiser  
  83  38:09  Marine x3  
  83  38:10  Thor x2  
Show
View Real Time Build Order
Export as new Build Order

eXile Zerg - Winner!

Build Orders: Hatch First, Muta Ling Bane, Swarm Host 

Get SALT Encoding   

  12  0:02  Drone  
  13  0:15  Overlord  
  13  0:23  Drone  
  14  0:35  Drone x2  
  16  0:45  Drone  
  17  1:02  Overlord, Hatchery  
  16  1:08  Drone  
  17  1:17  Extractor  
  16  1:19  Drone  
  17  1:33  Spawning Pool  
  17  1:34  Drone  
  17  1:45  Drone  
  17  1:46  Drone  
  19  1:56  Overlord  
  19  2:11  Drone  
  19  2:14  Drone x2  
  22  2:19  Metabolic Boost  
  22  2:21  Queen  
  24  2:23  Queen  
  26  2:36  Drone x3  
  29  2:40  Overlord  
  29  2:57  Zergling x4  
  29  2:58  Zergling x4  
  33  3:04  Extractor  
  33  3:16  Drone x2  
  35  3:23  Hatchery  
  35  3:25  Drone x2  
  36  3:36  Queen x2, Drone  
  41  3:45  Drone x2  
  41  3:46  Drone x4  
  47  3:56  Zergling x2  
  48  4:06  Zergling x8  
  52  4:10  Overlord  
  52  4:14  Overlord x2  
  52  4:20  Extractor  
  52  4:21  Queen, Extractor  
  52  4:22  Extractor  
  51  4:27  Queen  
  43  4:55  Overlord x3  
  43  4:57  Drone x4  
  43  4:58  Zergling x8  
  43  4:59  Zergling x8  
  53  5:04  Spore Crawler  
  50  5:13  Zergling x6  
  45  5:35  Drone x8  
  50  5:42  Queen  
  55  5:47  Lair  
  55  5:57  Queen  
  46  6:18  Queen  
  48  6:19  Drone  
  48  6:20  Drone x9  
  48  6:21  Drone x2  
  60  6:37  Evolution Chamber x2  
  58  6:40  Drone x2  
  58  6:41  Drone x2  
  62  6:56  Spore Crawler  
  51  7:25  Pneumatized Carapace  
  51  7:29  Drone x6  
  58  7:30  Drone x9  
  58  7:31  Drone x4  
  58  7:35  Spore Crawler  
  69  7:38  Burrow  
  69  7:40  Spire  
  68  8:02  Extractor  
  68  8:03  Extractor  
  68  8:05  Spore Crawler, Drone x4  
  68  8:06  Drone x6  
  75  8:16  Hydralisk Den  
  75  8:19  Baneling Nest  
  74  8:30  Hatchery  
  73  8:37  Hatchery  
  72  8:42  Zergling x2  
  72  8:43  Zergling x18  
  72  8:44  Zergling x6  
  85  8:55  Mutalisk x2  
  89  9:02  Centrifical Hooks  
  89  9:05  Zerg Ground Armor Level 1  
  89  9:31  Overlord x3  
  89  9:32  Overlord x3  
  89  9:40  Queen, Roach Warren  
  90  9:50  Drone x14  
  104  9:54  Zerg Missile Weapons Level 1  
  104  9:58  Hydralisk Den  
  103  10:07  Queen  
  103  10:08  Infestation Pit  
  104  10:15  Corruptor x6  
  104  10:16  Queen, Corruptor  
  120  10:26  Glial Reconstitution  
  120  10:28  Roach x8, Corruptor  
  136  10:29  Zergling x2  
  139  10:36  Extractor  
  139  10:37  Drone x5, Extractor  
  141  10:57  Pathogen Glands  
  141  11:03  Overlord x6  
  141  11:04  Overlord x6  
  141  11:28  Overlord  
  141  11:29  Overlord, Hydralisk x3  
  141  11:30  Swarm Host x5, Hydralisk  
  141  11:31  Hydralisk x3  
  141  11:32  Swarm Host  
  171  11:45  Zerg Ground Armor Level 2  
  169  11:48  Zerg Flyer Weapons Level 1  
  169  11:50  Hatchery  
  169  11:53  Muscular Augments  
  168  11:54  Spire  
  167  12:02  Queen  
  169  12:11  Swarm Host x2  
  169  12:12  Swarm Host x5  
  190  12:20  Corruptor x3  
  190  12:21  Corruptor  
  186  13:13  Corruptor x3  
  186  13:14  Corruptor x2, Hydralisk  
  186  13:15  Hydralisk  
  200  14:13  Spine Crawler x2  
  198  14:20  Hatchery x2  
  196  15:33  Hydralisk x2  
  193  16:58  Queen  
  193  17:00  Queen  
  164  17:40  Hydralisk x2  
  164  17:41  Hydralisk x2  
  169  17:45  Hive  
  169  17:46  Zerg Flyer Weapons Level 2  
  169  17:48  Zerg Flyer Armor Level 1  
  169  17:50  Zerg Missile Weapons Level 2  
  169  18:23  Extractor x2  
  151  19:02  Zerg Ground Armor Level 3  
  151  19:13  Spire  
  150  19:46  Greater Spire  
  150  20:04  Hydralisk x5  
  150  20:05  Hydralisk x2  
  164  20:10  Zergling x10  
  164  20:11  Zergling x18  
  164  20:12  Zergling x16  
  164  20:13  Zergling x2  
  187  20:43  Hatchery  
  186  20:51  Zerg Flyer Armor Level 2  
  186  20:53  Zerg Flyer Weapons Level 3  
  186  20:55  Zerg Missile Weapons Level 3  
  180  22:01  Hatchery  
  180  22:05  Hatchery  
  162  22:14  Corruptor x4  
  162  22:15  Hydralisk x6  
  172  22:16  Corruptor x3, Hydralisk x3  
  172  22:17  Corruptor  
  194  22:25  Viper x2  
  184  23:12  Zerg Flyer Armor Level 3  
  176  23:21  Brood Lord x4  
  176  23:22  Brood Lord x2  
  176  23:23  Brood Lord x2  
  176  23:24  Brood Lord x2  
  196  23:30  Viper  
  199  24:09  Overseer  
  199  24:10  Overseer x2  
  191  25:10  Lair  
  187  25:39  Spawning Pool  
  187  25:42  Evolution Chamber  
  165  25:43  Evolution Chamber  
  156  26:15  Infestation Pit  
  155  26:37  Zerg Melee Weapons Level 1  
  155  26:47  Extractor  
  155  26:49  Extractor  
  155  26:53  Extractor  
  152  26:55  Extractor  
  124  27:42  Corruptor x7  
  124  27:43  Corruptor x7  
  118  27:54  Hydralisk x7  
  118  27:55  Hydralisk x7  
  142  28:06  Hive  
  142  28:07  Corruptor x2  
  142  28:08  Corruptor x2  
  142  28:09  Corruptor, Hydralisk x5  
  142  28:10  Hydralisk x8  
  142  28:11  Hydralisk x6  
  156  29:05  Zerg Melee Weapons Level 2  
  156  29:07  Zergling x8  
  156  29:08  Zergling x18  
  156  29:09  Zergling x12  
  175  29:23  Brood Lord x3  
  175  29:24  Brood Lord x4  
  189  29:27  Viper x3  
  142  31:22  Hydralisk x4  
  142  31:23  Hydralisk x8  
  142  31:24  Infestor, Corruptor x4, Hydralisk  
  142  31:25  Corruptor x8  
  164  31:33  Corruptor x5  
  164  31:34  Corruptor, Zergling x2  
  164  31:35  Zergling x8  
  164  31:36  Zergling x18  
  164  31:37  Zergling x14  
  169  31:49  Hydralisk x3  
  169  31:51  Zergling x8  
  169  31:52  Zergling x16  
  169  31:53  Zergling x16  
  169  31:54  Zergling x10  
  135  32:56  Zergling x6  
  135  32:57  Zergling x10  
  135  32:58  Zergling x2  
  144  33:02  Zerg Melee Weapons Level 3, Adrenal Glands  
  129  33:48  Hydralisk x4  
  123  33:49  Hydralisk x6  
  123  33:50  Hydralisk  
  145  33:59  Brood Lord  
  145  34:01  Zergling x12  
  145  34:02  Zergling x16  
  161  34:03  Zergling x16  
  161  34:04  Zergling x12  
  175  34:17  Extractor x2  
  173  34:34  Brood Lord  
  173  34:35  Brood Lord  
  177  34:39  Hydralisk  
  177  34:40  Hydralisk x3  
  177  34:42  Zergling x6  
  177  34:43  Zergling x18  
  177  34:44  Zergling x6  
  153  36:17  Hydralisk x7  
  153  36:18  Hydralisk x8  
  140  36:27  Mutalisk x2  
  140  36:28  Mutalisk x7  
  154  36:45  Brood Lord  
  154  36:46  Brood Lord  
  115  37:14  Zergling x4  
  115  37:15  Zergling x38  
  123  37:28  Brood Lord x2  
  123  37:29  Brood Lord  
  117  38:10  Hydralisk x8  
  117  38:11  Hydralisk x2  
  137  38:45  Baneling Nest  
Tags
 
Add a new tag
Caveats
  • Supply blocks, unpowered buildings, or Contaminate may cause inaccurate times.
  • Supply counts are checked every 10 seconds.